Map: Inside and Out

Players

RiSky

  • Race: Zerg Zerg
  • Spawn Location: 7:00

Seither - Winner!

  • Race: Terran Terran
  • Spawn Location: 1:00

Event: DreamHack SC2 Masters 2022 Atlanta (Online)

VOD

Have the link to the VOD?

Description

Time

  • Played on: Sept. 29, 2022, 5:10 a.m.
  • Length: 32:19

All games in this series

Show
View Real Time Build Order
Export as new Build Order

RiSky Zerg 

Build Orders: Hatch First 

Get SALT Encoding   

  12  0:00  Drone  
  13  0:12  Overlord  
  13  0:16  Drone  
  14  0:30  Drone x2  
  16  0:47  Hatchery  
  15  0:50  Drone  
  15  0:54  Drone  
  15  0:57  Drone  
  18  1:08  Extractor  
  17  1:12  Spawning Pool  
  17  1:15  Drone  
  17  1:18  Drone  
  18  1:27  Drone  
  19  1:40  Drone  
  20  1:49  Overlord  
  20  1:59  Queen x2  
  20  2:00  Zergling x4  
  26  2:10  Drone  
  26  2:11  Drone  
  26  2:12  Metabolic Boost  
  28  2:21  Drone x2  
  30  2:32  Hatchery  
  30  2:34  Drone  
  30  2:42  Queen  
  32  2:46  Overlord  
  32  2:49  Drone  
  33  2:53  Drone  
  33  2:54  Drone  
  33  2:56  Drone  
  36  3:06  Drone  
  36  3:09  Drone  
  36  3:12  Drone  
  38  3:16  Drone, Overlord  
  38  3:18  Drone  
  40  3:20  Queen  
  40  3:22  Drone  
  43  3:27  Overlord  
  43  3:36  Queen, Drone x2  
  47  3:43  Drone  
  47  3:45  Queen  
  47  3:48  Drone x2, Overlord  
  52  3:50  Drone  
  52  3:51  Drone  
  52  3:52  Drone  
  52  3:53  Drone  
  52  3:54  Drone  
  57  3:56  Drone  
  57  4:00  Queen  
  60  4:05  Drone  
  60  4:06  Overlord  
  60  4:08  Drone  
  62  4:11  Baneling Nest  
  62  4:12  Drone  
  62  4:15  Drone  
  63  4:17  Overlord  
  63  4:22  Drone x2  
  65  4:25  Lair  
  65  4:26  Queen  
  65  4:30  Overlord  
  67  4:33  Zergling x2  
  67  4:34  Zergling x4, Extractor  
  67  4:36  Zergling x2  
  70  4:39  Queen  
  70  4:42  Zergling x6  
  70  4:45  Zergling x4  
  77  4:49  Zergling x8  
  77  4:52  Zergling x2  
  82  4:57  Overlord x2  
  82  4:59  Zergling x6  
  85  5:03  Overlord  
  85  5:05  Queen  
  87  5:08  Drone  
  87  5:09  Drone  
  87  5:11  Drone x2  
  87  5:13  Drone x2  
  93  5:18  Overlord  
  93  5:19  Drone  
  94  5:23  Drone, Extractor  
  94  5:24  Evolution Chamber  
  94  5:25  Centrifugal Hooks, Extractor  
  94  5:27  Overlord  
  92  5:28  Baneling x2  
  92  5:29  Baneling  
  92  5:31  Baneling x2  
  92  5:34  Overseer  
  92  5:41  Drone  
  92  5:42  Drone x2  
  94  5:43  Drone x6  
  100  5:53  Zergling x4, Drone  
  100  5:54  Zergling x2  
  104  5:59  Overlord  
  104  6:04  Zergling x2  
  104  6:05  Zergling x12  
  104  6:06  Zerg Ground Armor Level 1  
  104  6:09  Zergling x2  
  106  6:17  Zergling x4  
  108  6:18  Hatchery  
  108  6:24  Drone, Evolution Chamber  
  107  6:26  Drone, Hatchery  
  105  6:33  Drone  
  105  6:35  Drone x4  
  105  6:36  Drone x6  
  116  6:41  Drone  
  116  6:46  Drone x2  
  119  6:54  Overlord  
  119  6:59  Hatchery  
  118  7:05  Drone  
  118  7:09  Drone x2  
  118  7:11  Zerg Melee Weapons Level 1  
  118  7:14  Drone x2  
  122  7:15  Hydralisk Den  
  122  7:16  Zergling x12  
  127  7:23  Zergling x6  
  127  7:28  Zergling x4  
  127  7:29  Zergling x2  
  133  7:31  Pneumatized Carapace  
  133  7:35  Zergling x2  
  134  7:38  Zergling x6  
  134  7:39  Zergling x2  
  134  7:41  Zergling x2  
  134  7:42  Zergling x6  
  134  7:43  Baneling  
  134  7:44  Baneling x12  
  142  7:45  Baneling x5  
  142  7:47  Grooved Spines  
  142  7:50  Overlord  
  142  7:52  Spore Crawler  
  142  7:54  Hydralisk x6  
  153  8:00  Hydralisk x2  
  157  8:10  Hydralisk x2  
  157  8:17  Hydralisk  
  156  8:22  Drone x17  
  156  8:26  Overlord  
  172  8:43  Overlord x2  
  172  8:44  Zerg Ground Armor Level 2  
  172  8:46  Infestation Pit  
  172  8:47  Hatchery  
  170  8:52  Overlord x2  
  170  8:53  Overlord x2  
  170  8:55  Overseer  
  170  8:56  Overseer  
  170  8:58  Overlord  
  170  8:59  Zergling x20, Muscular Augments  
  180  9:04  Zergling x2  
  180  9:05  Zergling x14  
  188  9:15  Zergling x2  
  188  9:16  Zergling x8, Hatchery  
  192  9:23  Zergling x24  
  193  9:25  Hive  
  193  9:31  Hydralisk x3  
  193  9:33  Baneling x4  
  193  9:34  Baneling  
  174  10:19  Drone x16, Extractor  
  174  10:20  Extractor  
  188  10:22  Spore Crawler x2, Zergling x18  
  188  10:23  Zergling x6  
  188  10:27  Zergling x2  
  199  10:42  Baneling x2  
  199  10:43  Baneling x16  
  199  10:44  Baneling x6  
  197  11:15  Viper  
  200  11:19  Extractor x2  
  198  11:46  Viper x3  
  196  11:48  Zerg Missile Weapons Level 1  
  199  11:55  Burrow  
  199  12:04  Adrenal Glands  
  199  12:23  Zergling x2  
  198  12:48  Zergling x6  
  194  12:55  Zergling x32  
  194  12:56  Hatchery  
  198  12:59  Zerg Ground Armor Level 3  
  198  13:12  Extractor x2  
  197  13:16  Extractor  
  197  13:17  Extractor  
  194  13:26  Zergling x10  
  194  13:27  Zergling x12  
  195  13:45  Baneling x14  
  195  13:46  Baneling x12  
  195  14:03  Overseer x2  
  195  14:04  Overseer x3  
  195  14:13  Lurker Den  
  195  14:15  Zergling x10  
  198  14:31  Zergling x48  
  193  14:41  Drone x7  
  200  14:49  Drone x3  
  188  15:08  Zergling x32  
  182  15:15  Zergling x16  
  182  15:19  Drone x4  
  182  15:20  Drone x5  
  163  15:21  Zergling x12  
  162  15:29  Zergling x2  
  162  15:33  Drone x6  
  148  15:43  Drone  
  148  15:44  Drone x6  
  148  15:46  Drone x3  
  154  15:53  Spine Crawler  
  154  15:55  Spine Crawler  
  147  16:04  Hydralisk, Drone x6  
  147  16:05  Hydralisk x5, Drone x3  
  147  16:09  Hydralisk x2  
  172  16:12  Extractor  
  172  16:14  Hydralisk x2  
  172  16:15  Hydralisk x4  
  183  16:24  Spine Crawler  
  183  16:25  Zergling x10, Spine Crawler x2  
  183  16:26  Zergling x4  
  182  16:47  Hatchery  
  182  16:50  Zergling x2  
  182  16:51  Zergling x28  
  196  16:54  Zergling x4  
  196  16:57  Spore Crawler  
  196  16:59  Zergling x4  
  198  17:14  Baneling  
  198  17:17  Baneling x2  
  198  17:18  Baneling x29  
  198  17:27  Spore Crawler x2  
  193  17:46  Viper x3  
  164  17:52  Zergling x2  
  164  17:53  Zergling x34  
  180  18:00  Zergling x8  
  180  18:05  Zergling x8  
  188  18:07  Seismic Spines  
  188  18:11  Zergling x6  
  191  18:13  Drone x2  
  191  18:15  Zergling x6  
  191  18:16  Zergling x2  
  194  18:23  Zergling x6  
  197  18:28  Hatchery  
  197  18:29  Zergling x8  
  200  18:52  Extractor  
  200  18:53  Extractor  
  198  19:00  Zergling x4  
  200  19:05  Adaptive Talons  
  200  19:12  Spine Crawler  
  200  19:13  Spine Crawler  
  200  19:14  Spine Crawler  
  200  19:15  Spine Crawler  
  195  19:55  Spore Crawler  
  195  19:56  Zergling x12  
  200  20:00  Spore Crawler  
  200  20:01  Spore Crawler  
  186  20:08  Zergling x2  
  186  20:09  Zergling x44  
  175  20:18  Zergling x32  
  175  20:19  Zergling x4  
  187  20:28  Zergling x16  
  193  20:34  Hydralisk x4  
  193  20:35  Hydralisk x3  
  199  20:39  Hydralisk  
  199  20:48  Baneling x10  
  199  20:49  Baneling x18  
  199  21:00  Zergling x2  
  179  21:15  Zergling x2  
  179  21:16  Zergling x46  
  190  21:29  Zergling x14  
  197  21:39  Zergling x6  
  199  21:44  Baneling x26  
  196  21:57  Queen  
  195  22:05  Zergling x8  
  189  22:18  Zergling x18  
  189  22:19  Zergling x26  
  176  22:26  Zergling x22  
  183  22:32  Zergling x2  
  183  22:33  Zergling x12  
  190  22:42  Zergling x14  
  197  22:49  Zergling x4  
  199  23:09  Baneling  
  199  23:10  Baneling x26  
  178  23:22  Zergling x46  
  178  23:24  Zergling x8  
  181  23:37  Overseer  
  181  23:39  Viper x3  
  181  23:40  Overlord x2  
  189  23:44  Overlord  
  189  23:52  Overlord x3  
  189  23:53  Overseer  
  189  23:54  Overseer x2  
  189  23:55  Overseer  
  189  23:58  Zergling x22  
  196  24:53  Overseer x2  
  177  25:18  Zergling x2  
  177  25:19  Zergling x78  
  196  25:28  Hydralisk x2  
  196  25:47  Zergling x2  
  196  25:48  Zergling x30  
  199  26:04  Baneling x37  
  196  26:05  Baneling x12, Hydralisk  
  196  26:15  Zergling x8  
  195  26:30  Hatchery  
  195  26:31  Zergling x14  
  195  26:32  Zergling x24  
  188  26:38  Hydralisk  
  135  26:43  Hydralisk  
  135  26:44  Hydralisk x4  
  147  26:50  Pathogen Glands, Hydralisk, Drone x5  
  139  26:58  Hydralisk x6  
  151  27:04  Hydralisk x5  
  151  27:06  Hydralisk  
  160  27:18  Hydralisk x6  
  172  27:22  Hydralisk  
  172  27:23  Hydralisk x2  
  178  27:30  Extractor  
  178  27:31  Extractor  
  176  27:46  Neural Parasite  
  176  27:54  Zergling x34  
  176  27:55  Zergling x8  
  178  28:46  Hydralisk x7  
  172  29:07  Lurker x5  
  172  29:08  Lurker x22  
  199  29:11  Drone x2  
  168  29:28  Hydralisk x16  
  189  30:00  Hatchery  
  178  30:18  Zergling x42  
  158  30:46  Zergling x2  
  158  30:47  Zergling x26  
  169  30:52  Zergling x14  
  169  30:55  Baneling x2  
  169  30:56  Baneling x29  
  176  31:01  Zergling x4  
  178  31:08  Zergling x6  
  178  31:09  Zergling x4  
  180  31:15  Zergling x2  
  180  31:16  Zergling x12  
  187  31:20  Baneling x2  
  186  31:34  Zergling x2  
  111  31:54  Zergling x6  
Show
View Real Time Build Order
Export as new Build Order

Seither Terran - Winner!

Build Orders: Command Center First (CC) 

Get SALT Encoding   

  12  0:00  SCV  
  13  0:12  SCV  
  14  0:17  Supply Depot  
  14  0:24  SCV  
  15  0:39  SCV  
  16  0:51  SCV  
  17  1:01  Command Center  
  17  1:05  SCV  
  18  1:15  Barracks  
  18  1:17  SCV  
  19  1:23  Refinery  
  19  1:30  SCV  
  20  1:36  Barracks  
  20  1:42  SCV  
  21  1:48  Refinery  
  21  1:54  SCV  
  22  2:03  Marine  
  22  2:07  Orbital Command  
  23  2:15  Orbital Command  
  23  2:22  Barracks Tech Lab  
  23  2:23  Barracks Reactor  
  23  2:33  Factory  
  23  2:36  SCV  
  24  2:41  Marine  
  24  2:44  SCV  
  26  2:48  SCV  
  27  2:58  Stimpack  
  27  3:03  Marine x3  
  27  3:05  SCV x2  
  32  3:13  Supply Depot  
  32  3:20  SCV x2  
  32  3:24  Command Center  
  34  3:28  Marine x2  
  34  3:30  Marine  
  34  3:33  SCV  
  38  3:35  SCV  
  38  3:39  Starport  
  38  3:41  Factory Reactor  
  39  3:48  Marine x2  
  39  3:49  Marine  
  39  3:50  SCV  
  39  3:52  SCV  
  44  3:58  Supply Depot  
  44  4:02  SCV  
  45  4:04  SCV  
  46  4:17  Supply Depot  
  46  4:19  Marine x3  
  46  4:22  SCV x2  
  46  4:24  Medivac  
  53  4:25  Factory Tech Lab  
  53  4:31  Barracks  
  53  4:35  Supply Depot, SCV  
  53  4:36  SCV, Medivac  
  53  4:37  Orbital Command  
  57  4:40  Refinery  
  57  4:44  Engineering Bay  
  57  4:45  Combat Shield  
  57  4:49  Marine x3  
  60  4:53  SCV x2  
  62  5:01  Supply Depot  
  62  5:04  Engineering Bay  
  62  5:10  Siege Tank  
  62  5:11  Marine x3, Orbital Command  
  62  5:13  Terran Infantry Weapons Level 1  
  68  5:15  SCV  
  68  5:16  SCV  
  68  5:19  Supply Depot  
  68  5:20  Starport Reactor  
  70  5:24  Supply Depot  
  70  5:28  Marine x2  
  70  5:29  Refinery  
  70  5:31  Marine x2  
  70  5:33  SCV x2  
  70  5:35  Terran Infantry Armor Level 1  
  76  5:37  Marine  
  77  5:44  Siege Tank  
  77  5:45  SCV x2  
  77  5:46  Marine  
  77  5:48  SCV  
  77  5:49  Supply Depot  
  84  5:59  Marine x4  
  88  6:04  Barracks  
  88  6:05  Barracks  
  88  6:10  Medivac x2  
  88  6:12  SCV x3  
  88  6:18  Supply Depot, Siege Tank  
  94  6:27  Marine x2  
  94  6:28  SCV, Marine x2  
  94  6:29  SCV x2  
  101  6:41  Command Center  
  101  6:42  Armory  
  101  6:47  Marine x4  
  101  6:48  Marine  
  101  6:51  Siege Tank  
  101  6:53  SCV x2  
  111  6:55  Barracks Reactor  
  111  6:56  Barracks Reactor  
  111  7:06  Marine  
  111  7:07  Medivac, Marine x4  
  111  7:08  Medivac  
  120  7:09  SCV x2  
  122  7:16  Supply Depot  
  122  7:19  SCV  
  122  7:20  Supply Depot  
  122  7:21  SCV  
  122  7:22  SCV  
  125  7:32  Refinery x2  
  125  7:38  SCV, Siege Tank, Marine x4  
  125  7:41  SCV  
  125  7:43  Supply Depot, Marine x2  
  137  7:44  SCV  
  137  7:46  Supply Depot, Terran Infantry Weapons Level 2  
  137  7:48  Terran Infantry Armor Level 2  
  137  7:50  Supply Depot, SCV  
  138  7:53  SCV  
  139  8:03  Marine x8  
  147  8:07  Medivac  
  147  8:10  Supply Depot x2, Siege Tank  
  146  8:16  Medivac  
  146  8:17  SCV x3  
  151  8:22  Marine x8  
  159  8:29  SCV  
  160  8:38  Supply Depot  
  160  8:39  SCV x2  
  160  8:40  Supply Depot  
  160  8:45  Factory  
  160  8:48  Factory  
  160  8:56  Marine x2  
  160  8:57  Marine x6  
  160  9:01  SCV x3  
  171  9:16  Marine x8  
  179  9:17  Medivac, Siege Tank  
  179  9:18  Medivac  
  186  9:27  Planetary Fortress  
  186  9:31  SCV x2  
  186  9:37  Sensor Tower  
  188  9:41  Refinery, Command Center  
  188  9:43  SCV x3, Command Center  
  188  9:44  Factory Tech Lab x2  
  188  9:45  Refinery  
  191  9:50  Siege Tank  
  191  9:51  Terran Vehicle Weapons Level 1  
  194  9:55  SCV x3  
  197  10:00  Marine x3  
  172  10:15  Siege Tank x2  
  172  10:16  Marine x2  
  172  10:17  Marine x2  
  172  10:18  Terran Infantry Weapons Level 3, Terran Infantry Armor Level 3  
  182  10:31  Siege Tank  
  185  10:35  Barracks  
  185  10:36  Barracks  
  185  10:37  Barracks  
  185  10:50  Command Center  
  185  10:51  Command Center  
  185  10:52  Ghost Academy, Bunker, Siege Tank  
  188  10:58  Orbital Command  
  181  11:17  Command Center  
  181  11:19  Siege Tank x2  
  187  11:26  Barracks Tech Lab x3  
  187  11:28  Missile Turret  
  187  11:31  Missile Turret  
  184  11:35  Ghost  
  184  11:38  Siege Tank  
  177  11:51  Siege Tank  
  177  11:52  Terran Vehicle Weapons Level 2  
  177  11:53  Siege Tank  
  177  11:54  Sensor Tower  
  183  11:55  Marauder, Ghost  
  183  11:56  Marauder, Marine x4  
  193  12:04  Ghost  
  193  12:08  Sensor Tower  
  195  12:11  Armory  
  195  12:16  Ghost  
  195  12:20  Planetary Fortress  
  197  12:23  Orbital Command  
  197  12:26  Siege Tank  
  200  12:32  Orbital Command  
  200  12:33  Ghost Academy  
  188  12:57  Siege Tank x2  
  190  13:01  Ghost x2  
  190  13:02  Marine x2, Ghost x2  
  200  13:21  Command Center  
  200  13:24  Command Center  
  200  13:31  Missile Turret  
  200  13:32  Sensor Tower  
  200  13:33  Missile Turret  
  198  13:35  Ghost  
  198  13:37  Personal Cloaking  
  198  13:41  Neosteel Armor  
  200  13:42  Ghost Academy, Hi-Sec Auto Tracking  
  200  13:43  Ghost Academy  
  200  14:10  Factory  
  200  14:12  Factory  
  200  14:18  Orbital Command  
  200  14:19  Nuke x2  
  200  14:26  Orbital Command  
  185  14:48  Siege Tank x3  
  185  14:49  Terran Vehicle Weapons Level 3  
  185  14:50  Terran Vehicle And Ship Armor Level 1  
  185  14:51  Missile Turret  
  187  14:55  Command Center, Planetary Fortress  
  187  14:56  Sensor Tower  
  185  15:02  Enhanced Shockwaves  
  185  15:03  Nuke  
  185  15:05  Command Center  
  185  15:06  Command Center  
  182  15:08  Missile Turret  
  182  15:09  Missile Turret  
  170  15:14  Factory Tech Lab x2  
  170  15:20  Siege Tank x2, Ghost x4  
  170  15:21  Siege Tank, Marine x3  
  189  15:44  Siege Tank x2  
  189  15:49  Medivac x2  
  187  15:50  Missile Turret  
  187  15:52  Siege Tank  
  187  15:53  Siege Tank, Planetary Fortress  
  193  15:59  Siege Tank  
  188  16:12  Refinery  
  188  16:21  Siege Tank  
  188  16:22  Siege Tank, Marine, Ghost x2  
  188  16:23  Marine  
  200  16:29  Nuke  
  200  16:35  Refinery  
  200  16:57  Planetary Fortress  
  200  17:03  Command Center  
  195  17:38  Nuke x2  
  193  17:56  Siege Tank, Terran Vehicle And Ship Armor Level 2  
  194  18:12  Command Center  
  194  18:13  Medivac x2  
  193  18:54  Thor x2  
  199  18:56  Ghost x3  
  199  19:15  Nuke x2  
  197  19:27  Missile Turret, Sensor Tower  
  197  19:30  Missile Turret  
  197  19:41  Missile Turret  
  195  19:45  Ghost x2  
  190  20:16  Refinery  
  190  20:17  Refinery  
  190  20:20  Ghost  
  190  20:21  Thor, Ghost  
  189  20:23  Medivac  
  189  20:26  Orbital Command  
  198  20:34  Orbital Command  
  194  20:38  Ghost x2  
  198  21:03  Refinery  
  196  21:04  Planetary Fortress  
  185  21:13  Command Center  
  171  21:26  Command Center  
  171  21:29  Command Center  
  171  21:31  Missile Turret  
  171  21:35  Siege Tank x3  
  171  21:36  Thor  
  171  21:37  Liberator, Missile Turret  
  171  21:38  Liberator  
  171  21:39  Ghost x2  
  190  21:40  Ghost x2  
  190  21:42  Missile Turret  
  198  22:08  Ghost  
  198  22:13  Sensor Tower  
  193  22:31  Liberator x2  
  193  22:35  Orbital Command  
  199  22:55  Orbital Command x2  
  199  22:56  Missile Turret  
  196  23:22  Orbital Command  
  177  23:38  Siege Tank  
  177  23:39  Siege Tank x3  
  177  23:40  Liberator x2  
  194  23:51  Ghost  
  194  23:52  Ghost  
  194  23:53  Terran Vehicle And Ship Armor Level 3  
  198  24:08  Ghost  
  200  24:15  Missile Turret  
  190  25:03  Siege Tank  
  190  25:04  Siege Tank x2, Orbital Command  
  171  25:25  Siege Tank  
  171  25:26  Siege Tank, Ghost x4  
  171  25:27  Liberator x2  
  188  25:51  Siege Tank x2  
  188  25:54  Ghost  
  121  26:40  Marine  
  121  26:41  Marine x11  
  121  26:46  Thor x2  
  145  26:47  Siege Tank  
  148  26:58  Marine  
  148  26:59  Marine x11  
  160  27:27  Orbital Command  
  160  27:34  Missile Turret  
  160  27:39  Missile Turret  
  163  27:44  Siege Tank x2, Marine  
  163  27:45  Marine x9  
  163  27:46  Marine x2  
  163  27:48  Liberator x2  
  163  27:49  Orbital Command  
  182  28:02  Marine x3  
  182  28:03  Missile Turret, Marine x7  
  182  28:04  Marine x2  
  182  28:05  Sensor Tower  
  194  28:08  Refinery  
  194  28:15  Refinery  
  194  28:20  Marine x6  
  200  28:38  Marine  
  190  28:44  Orbital Command x2  
  190  29:13  SCV x3  
  190  29:14  SCV x2  
  195  29:36  Ghost  
  196  30:17  Supply Depot  
  196  30:18  Supply Depot  
  196  30:32  Orbital Command  
  196  30:34  Orbital Command  
  192  30:40  Siege Tank  
  178  30:50  Siege Tank, Marine  
  178  30:55  Supply Depot x2  
  179  31:02  Missile Turret  
  179  31:04  Missile Turret  
  179  31:16  Siege Tank, Marine x5  
  179  31:17  Orbital Command, Marine x4  
  190  31:47  SCV x2  
Tags
 
Add a new tag
Caveats
  • Supply blocks, unpowered buildings, or Contaminate may cause inaccurate times.
  • Supply counts are checked every 10 seconds.